 Dungeon Crawl Stone Soup version 0.19.1-1-g22dce08 (webtiles) character file.

5121 galech the Prestidigitator (level 10, -4/94 HPs)
             Began as a Deep Dwarf Fighter on Dec 29, 2016.
             Was a Priest of Makhleb.
             Slain by a minotaur
             ... wielding a +6 rod of inaccuracy (2/12)
              (22 damage)
             ... in a labyrinth.
             The game lasted 00:30:33 (8156 turns).

galech the Prestidigitator (Deep Dwarf Fighter)     Turns: 8156, Time: 00:30:33

Health: -4/94      AC: 21    Str: 24    XL:     10   Next: 32%
Magic:  14/14      EV:  5    Int:  8    God:    Makhleb [***...]
Gold:   792        SH: 10    Dex: 12    Spells: 0 memorised, 9 levels left

rFire  . . .     SeeInvis .     U - +0 war axe (chop)
rCold  . . .     Gourm    .     o - +0 plate armour
rNeg   . . .     Faith    .     c - +0 shield
rPois  .         Spirit   .     (no helmet)
rElec  .         Reflect  .     k - +0 cloak
rCorr  .         Harm     .     w - +2 pair of gloves
MR     +....                    K - +1 pair of boots
Stlth  ..........               (no amulet)
                                V - ring of stealth
                                b - ring of flight

@: non-regenerating, studying Dodging
A: damage resistance, recharge devices, sense surroundings 2, slow regeneration
3
a: Device Recharging, Minor Destruction, Lesser Servant of Makhleb, Renounce
Religion, Evoke Flight


You were in a labyrinth.
You worshipped Makhleb.
Makhleb was most pleased with you.
You were very hungry.

You visited 2 branches of the dungeon, and saw 12 of its levels.
You also visited: Labyrinth, Sewer and Ossuary.

You collected 792 gold pieces.

Inventory:

Hand Weapons
 a - a +1 war axe
 U - a +0 war axe of chopping (weapon)
Armour
 c - a +0 shield (worn)
 k - a +0 cloak (worn)
 o - a +0 plate armour (worn)
 w - a +2 pair of gloves (worn)
 K - a +1 pair of boots (worn)
Jewellery
 b - a ring of flight (left hand)
 V - a ring of stealth (right hand)
Wands
 e - a wand of heal wounds (1/9)
 s - a wand of lightning (6/15)
 J - a wand of disintegration (6/24)
 N - a wand of confusion (4/48)
 T - a wand of flame (22/48)
Scrolls
 g - 2 scrolls of fear
 i - 8 scrolls of teleportation
 l - 2 scrolls of enchant weapon
 m - 3 scrolls of recharging
 n - 10 scrolls of remove curse
 r - 3 scrolls of blinking
 x - 2 scrolls of noise {unknown}
 y - 3 scrolls of fog
 P - 2 scrolls of amnesia {unknown}
 Q - a scroll of enchant armour
 S - 2 scrolls of immolation {unknown}
Potions
 d - 3 potions of might
 j - 2 potions of flight
 q - a potion of berserk rage
 t - 2 potions of haste
 u - 2 potions of resistance
 z - 5 potions of magic
 A - 12 potions of curing
 C - a potion of agility
 F - 4 potions of heal wounds {unknown}
 G - a potion of invisibility
 H - 2 potions of degeneration {unknown}
Books
 O - a manual of Dodging
Comestibles
 f - 6 bread rations
 h - a slice of pizza
 p - 2 fruits
 v - 3 beef jerkies
 E - 5 meat rations


   Skills:
 + Level 7.5 Fighting
 + Level 8.8 Axes
 + Level 9.1 Armour
 + Level 0.0 Dodging
 - Level 3.6 Shields
 + Level 9.7 Evocations


You had 9 spell levels left.
You didn't know any spells.

Dungeon Overview and Level Annotations

Branches:
Dungeon (11/15)            Temple (1/1) D:5            Lair (0/6) D:11
    Orc: D:9-12

Altars:
Ashenzari
Cheibriados
Elyvilon
Gozag
Hepliaklqana
Kikubaaqudgha
Makhleb
Ru
Xom
Yredelemnul
Zin
The Shining One

Annotations:
D:5 1 runed door


Innate Abilities, Weirdness & Mutations

You are resistant to damage.
You can recharge devices by infusing magical energy.
You passively map the area around you.
You do not regenerate.


Message History

Zapping:
e - a wand of heal wounds (1/9)
Press: ? - help, Shift-Dir - straight line, f - you You feel much better.
This wand has 0 charges left.
The minotaur hits you with a rod of inaccuracy!
You block the minotaur's attack.
The minotaur hits you but does no damage.
The minotaur gores you but does no damage.
A demon appears!
The minotaur hits you with a rod of inaccuracy!!
* * * LOW HITPOINT WARNING * * *
The minotaur gores you but does no damage.
You block the minotaur's attack. The minotaur gores you!
* * * LOW HITPOINT WARNING * * *
Your orange demon stings the minotaur from afar!
Your orange demon stings the minotaur but does no damage.
Your orange demon completely misses the minotaur.
Charge which item? (? for menu, Esc to quit)
Your wand of heal wounds (0/9) glows for a moment and now has 1 charge.
The minotaur hits you with a rod of inaccuracy!!
You die...

# . #... ##
.### # # ##
# . #... .
# #.# # ##
.#######
#.. ..
.#.#≈≈≈≈≈#
## # . #
###.#≈≈<≈≈#
.. . # # #
.#≈...≈ #
####.#
..###H###
..#... .
#.@4..#
####.
..###'### #
# #.. #.#
#.## .#.#
#... ...#
#.#######


You could see a minotaur and a friendly orange demon.

Vanquished Creatures
  A troll (D:10)
  2 hippogriffs
  Sigmund (D:2)
  4 yaks (D:9)
  An orc warrior (D:8)
  4 ice beasts
  4 ogres
  A centaur (D:8)
  4 big kobolds
  6 bullfrogs
  A scorpion (D:7)
  A water moccasin skeleton (D:6)
  16 wights
  4 howler monkeys
  6 hounds
  2 orc priests
  A bullfrog zombie (D:7)
  A jelly (D:7)
  7 orc wizards
  A bullfrog skeleton (D:6)
  Jessica (D:3)
  Natasha (twice) (D:2)
  4 iguanas
  4 worker ants
  3 hound skeletons
  9 mummies
  A howler monkey zombie (D:8)
  A howler monkey skeleton (D:6)
  14 adders
  11 gnolls
  A river rat (Sewer)
  4 shadow imps
  2 oozes
  An adder skeleton (D:8)
  6 worms
  A dart slug (D:1)
  2 leopard geckos (D:6)
  18 orcs
  2 giant cockroaches (D:2)
  A gnoll zombie (Ossuary)
  4 hobgoblins
  20 jackals
  4 quokkas
  7 ball pythons
  9 bats
  3 frilled lizards (D:1)
  7 goblins
  A goblin zombie (D:6)
  A hobgoblin zombie (Ossuary)
  A jackal skeleton (D:7)
  A jackal zombie (D:6)
  24 kobolds
  3 kobold zombies
  A leopard gecko skeleton (D:6)
  4 orc zombies (Ossuary)
  A quokka skeleton (D:8)
  9 rats
256 creatures vanquished.

Notes
Turn   | Place    | Note
-------+----------+-------------------------------------------
     0 | D:1      | galech the Deep Dwarf Fighter began the quest for the Orb.
     0 | D:1      | Reached XP level 1. HP: 20/20 MP: 1/1
    50 | D:1      | Reached XP level 2. HP: 25/27 MP: 2/2
   562 | D:1      | Reached XP level 3. HP: 32/34 MP: 3/3
   835 | D:2      | Noticed Sigmund
   854 | D:2      | Killed Sigmund
   854 | D:2      | Reached XP level 4. HP: 35/44 MP: 3/5
   854 | D:2      | Reached XP level 5. HP: 40/50 MP: 3/6
  1037 | D:2      | Found a shimmering altar of Xom.
  1038 | D:2      | Found a shimmering altar of Xom.
  1207 | D:2      | Noticed Natasha
  1219 | D:2      | Killed Natasha
  1336 | D:2      | Noticed Natasha
  1342 | D:2      | Reached XP level 6. HP: 32/57 MP: 8/8
  1348 | D:2      | Killed Natasha
  1692 | D:3      | Noticed Jessica
  1697 | D:3      | Killed Jessica
  1916 | D:3      | Reached skill level 5 in Armour
  1960 | D:3      | Found a basalt altar of Yredelemnul.
  1988 | D:3      | Found a glowing drain.
  1993 | Sewer    | Entered a sewer
  2216 | Sewer    | Reached XP level 7. HP: 39/66 MP: 8/10
  3254 | D:4      | Found a hazy altar of Hepliaklqana.
  3531 | D:4      | Reached skill level 5 in Axes
  3708 | D:5      | Entered Level 5 of the Dungeon
  3745 | D:5      | Found a glowing golden altar of the Shining One.
  3745 | D:5      | Found a runed door.
  3745 | D:5      | Noticed an angel
  4250 | D:5      | Found a staircase to the Ecumenical Temple.
  4282 | Temple   | Entered the Ecumenical Temple
  4298 | Temple   | Became a worshipper of Makhleb the Destroyer
  4494 | D:6      | Reached skill level 5 in Evocations
  4563 | D:6      | Found a sand-covered staircase.
  4576 | Ossuary  | Entered an ossuary
  4624 | Ossuary  | Reached * piety under Makhleb
  4652 | Ossuary  | Reached skill level 5 in Fighting
  4663 | Ossuary  | Reached XP level 8. HP: 60/74 MP: 10/10
  5492 | D:6      | Found a glowing silver altar of Zin.
  5754 | D:7      | Reached ** piety under Makhleb
  5760 | D:7      | Gained mutation: You passively map the area around you. [Deep Dwarf growth]
  5760 | D:7      | Reached XP level 9. HP: 67/82 MP: 13/13
  5935 | D:7      | Found an opulent altar of Gozag.
  5935 | D:7      | Found a sacrificial altar of Ru.
  6477 | D:8      | Got an ancient ring mail
  6488 | D:8      | Identified the +4 ring mail of the Lizard {rPois rC+ Str-4} (You found it on level 8 of the Dungeon)
  6710 | D:9      | Reached *** piety under Makhleb
  6931 | D:9      | Reached XP level 10. HP: 84/94 MP: 15/15
  7186 | D:9      | Noticed a two-headed hydra
  7246 | D:10     | Entered Level 10 of the Dungeon
  7459 | D:10     | Identified a scroll of acquirement
  7578 | D:11     | Found a labyrinth entrance.
  7583 | Lab      | Entered a labyrinth
  8135 | Lab      | Noticed a minotaur
  8156 | Lab      | Identified a +6 rod of inaccuracy (2/12)
  8156 | Lab      | Slain by a minotaur

Skill      XL: |  1  2  3  4  5  6  7  8  9 10 |
---------------+-------------------------------+-----
Fighting       | 3 4 5 7 |  7.5
Armour         | 4 5 6 7 8 9 |  9.1
Axes           | 3 4 5 6 8 |  8.8
Evocations     | 2 3 4 5 7 9 |  9.7
Shields        | |  3.6

Action                   |  1- 3 |  4- 6 |  7- 9 | 10-12 || total
-------------------------+-------+-------+-------+-------++-------
Melee: War axe           |   106 |   197 |   537 |    89 ||   929
Invok: Lesser Servant of |       |       |       |     1 ||     1
 Abil: Device Recharging |       |       |     1 |     2 ||     3
       Evoke Flight      |       |       |     1 |       ||     1
Evoke: Wand              |       |     1 |     6 |     7 ||    14
  Use: Scroll            |       |       |    14 |     7 ||    21
       Potion            |       |       |     3 |       ||     3
  Eat: Chunk             |       |     5 |    15 |     2 ||    22
       Fruit             |       |       |     2 |     1 ||     3
Armor: Scale mail        |     7 |       |       |       ||     7
       Plate armour      |    75 |   132 |   397 |   112 ||   716
Dodge: Dodged            |    20 |    42 |   119 |    35 ||   216
Block: Shield            |    54 |   105 |   272 |    77 ||   508
